 Zot Defence DCSS version 0.15.2 (webtiles) character file.

3014 kosy22 the Grappler (level 9, -1/88 HPs)
             Began as a Troll Warper on Nov 20, 2015.
             Killed by the air
             ... invoked by a wind drake
              (12 damage)
             ... in the Realm of Zot (Scenario V: Glassed Sandwich).
             The game lasted 00:11:56 (1596 turns).

kosy22 the Grappler (Troll Warper)                  Turns: 1596, Time: 00:11:56

HP  -1/88        AC  5     Str 24      XL: 9   Next: 55%
MP   6/8         EV 12     Int  9      God:
Gold 0           SH  0     Dex  9      Spells:  2 memorised,  8 levels left

rFire  . . .     SeeInvis .       - Unarmed
rCold  . . .     Clarity  .     b - +0 robe
rNeg   . . .     rCorr    .     (shield restricted)
rPois  .         rRot     .     (helmet restricted)
rElec  .         Spirit   .     (no cloak)
SustAb .         Warding  .     (gloves unavailable)
rMut   .         Stasis   .     (boots unavailable)
Gourm  +                        (no amulet)
MR     .....                    (no ring)
                                (no ring)

@: very slightly contaminated, not resistant to hostile enchantments, very
unstealthy
A: unfitting armour, claws 3, fast metabolism 3, gourmand, regeneration 2,
saprovore 2, shaggy fur 1, tough skin 2
a: Make oklob sapling, Make arrow trap, Make plant, Remove Curse, Make burning
bush, Make altar, Make grenades, Make oklob plant, Make net trap, Make ice
statue


You were in the Realm of Zot.
You were not hungry.

You visited 1 branch

Inventory:

Missiles
 e - 5 tomahawks of dispersal (quivered)
Armour
 b - a +0 robe (worn)
Comestibles
 f - 2 meat rations
Scrolls
 d - 2 scrolls of blinking
Potions
 a - 2 potions of curing
 h - a potion of haste
 i - 2 potions of magic
 j - a potion of berserk rage
Books
 c - a book of Spatial Translocations

   Spells                             Type                      Level
   *Apportation                       Translocation                1
   *Blink                             Translocation                2
   Shroud of Golubria                 Charms/Translocation         2
   Portal Projectile                  Translocation                3
   Teleport Other                     Translocation                3
   Passage of Golubria                Translocation                4


   Skills:
 + Level 5.3 Fighting
 + Level 0.8 Throwing
 + Level 7.0 Dodging
 + Level 8.4 Unarmed Combat
 + Level 1.8 Spellcasting
 + Level 2.9 Translocations


You had 8 spell levels left.
You knew the following spells:

 Your Spells              Type           Power        Failure   Level  Hunger
a - Apportation           Tloc           #.........   12%         1    ##.....
b - Blink                 Tloc           N/A          17%         2    ###....


Dungeon Overview and Level Annotations

Branches:
    Zot (1/1)

Altars:


Innate Abilities, Weirdness & Mutations

You are too large for most types of armour.
You have claws for hands.
Your metabolism is lightning-fast.
You like to eat raw meat.
You heal very quickly.
You can eat rotten meat.
You are covered in fur (AC +1).
You have very tough skin (AC +2).


Message History

Your oklob plant spits acid at Imuskiub.
The splash of acid hits Imuskiub.
Imuskiub hits your oklob plant but does no damage.
Imuskiub completely misses your oklob plant.
Cast which spell? (? or * to list)
You don't know that spell.
Cast which spell? (? or * to list)
You don't know that spell.
Cast which spell? (? or * to list)
You miscast Blink.
You are very lightly contaminated with residual magic.
The air around you crackles with energy!
Imuskiub hits your oklob plant but does no damage.
The wind drake flaps its wings at something.
The air twists around and strikes you!
* * * LOW HITPOINT WARNING * * *
Imuskiub hits your oklob plant but does no damage.
The wind drake flaps its wings at something.
The air twists around and strikes you!
You die...

▓........................
▓....▓▓▓▓▓▓▓▓▓▓▓▓▓▓▓▓▓▓▓▓
▓▓..▓▓∆∆∆∆∆∆∆∆∆∆∆∆∆∆∆∆∆∆▓
▓....▓▓▓▓▓▓▓▓▓▓▓▓▓▓▓▓▓▓▓▓
▓....%........H..........
▓.....(..................
▓......).................
▓......).)...............
▓.......@.......k........
▓........).%.............
▓.......%..%▓▓▓▓▓▓▓▓▓▓▓▓▓
▓........(...rc%.........
▓............mkm.........
▓......PY...m..%....c...r
▓......^.^..%............
▓......^^^...............
▓........................


You could see Strem the griffon, 2 wind drakes, 3 merfolk, Imuskiub the ice
beast, a quokka and a friendly oklob plant.

Vanquished Creatures
  A deep elf fighter (Zot)
  Edmund (Zot)
  An orc warrior (Zot)
  A black bear (Zot)
  A giant frog (Zot)
  2 big kobolds (Zot)
  A centaur (Zot)
  4 scorpions (Zot)
  A goliath beetle (Zot)
  A giant frog zombie (Zot)
  An orc priest (Zot)
  2 green rats (Zot)
  3 gnolls (Zot)
  An adder (Zot)
  A goliath beetle zombie (Zot)
  2 worms (Zot)
  2 giant geckos (Zot)
  7 oozes (Zot)
  3 orcs (Zot)
  4 ball pythons (Zot)
  4 giant cockroaches (Zot)
  4 hobgoblins (Zot)
  5 jackals (Zot)
  A quokka (Zot)
  11 bats (Zot)
  5 giant newts (Zot)
  11 goblins (Zot)
  10 kobolds (Zot)
  10 rats (Zot)
101 creatures vanquished.

Vanquished Creatures (collateral kills)
  A wind drake (Zot)
  A centaur (Zot)
  A hound (Zot)
  An orc priest (Zot)
  A worker ant (Zot)
  Ijyb (Zot)
  2 gnolls (Zot)
  2 adders (Zot)
  A green rat (Zot)
  3 giant mites (Zot)
  A worm (Zot)
  3 orcs (Zot)
  3 giant cockroaches (Zot)
  2 goblins (Zot)
  2 hobgoblins (Zot)
  3 jackals (Zot)
  2 kobolds (Zot)
  A quokka (Zot)
  A ball python (Zot)
  5 bats (Zot)
  2 giant newts (Zot)
  5 giant spores (Zot)
  3 rats (Zot)
47 creatures vanquished.

Vanquished Creatures (others)
  3 oklob plants (Zot)
  2 oklob saplings (Zot)
  A plant (Zot)
6 creatures vanquished.

Grand Total: 154 creatures vanquished

Notes
Turn   | Place    | Note
--------------------------------------------------------------
     0 | Zot      | kosy22, the Troll Warper, began the quest for the Orb.
     0 | Zot      | Reached XP level 1. HP: 19/19 MP: 2/2
   253 | Zot      | Reached XP level 2. HP: 26/28 MP: 2/2
   258 | Zot      | Noticed Ceamaq
   346 | Zot      | Reached XP level 3. HP: 30/35 MP: 4/4
   442 | Zot      | Reached XP level 4. HP: 42/42 MP: 4/4
   578 | Zot      | Noticed Ijyb
   636 | Zot      | Killed Ceamaq the giant frog
   636 | Zot      | Reached skill level 3 in Dodging
   636 | Zot      | Reached XP level 5. HP: 34/50 MP: 4/4
   636 | Zot      | Reached XP level 6. HP: 40/59 MP: 6/6
   682 | Zot      | Noticed Boruk
   742 | Zot      | Killed Ijyb
   742 | Zot      | Reached skill level 4 in Unarmed Combat
   767 | Zot      | Reached XP level 7. HP: 59/67 MP: 6/6
   797 | Zot      | Killed Boruk the orc warrior
   797 | Zot      | Reached skill level 5 in Unarmed Combat
   940 | Zot      | Reached XP level 8. HP: 78/78 MP: 7/7
  1026 | Zot      | Noticed Edmund
  1043 | Zot      | Reached skill level 5 in Dodging
  1070 | Zot      | Killed Edmund
  1070 | Zot      | Reached skill level 6 in Unarmed Combat
  1254 | Zot      | Reached skill level 7 in Unarmed Combat
  1254 | Zot      | Reached XP level 9. HP: 85/85 MP: 8/8
  1268 | Zot      | Learned a level 2 spell: Blink
  1486 | Zot      | Reached skill level 5 in Fighting
  1495 | Zot      | Reached skill level 8 in Unarmed Combat
  1559 | Zot      | Noticed Strem
  1596 | Zot      | Killed from afar by a wind drake

Action                   |  1- 3 |  4- 6 |  7- 9 || total
-------------------------+-------+-------+-------++-------
Melee: Unarmed           |    74 |   125 |   173 ||   372
 Abil: Make grenades     |       |     1 |     1 ||     2
       Make oklob plant  |       |       |     4 ||     4
       Make oklob saplin |       |       |     2 ||     2
       Make plant        |       |       |     1 ||     1
       Make net trap     |       |       |     5 ||     5
  Use: Potion            |       |     1 |     1 ||     2
  Eat: Chunk             |       |       |     1 ||     1
